 Dungeon Crawl Stone Soup version 0.24.0-29-g8ce449bc06 (webtiles) character file.

Game seed: 14432576403950245621, levelgen mode: deterministic

95872 Flugslaktarn the Severer (level 15, 0/139 HPs)
             Began as a Minotaur Fighter on Nov 16, 2019.
             Was an Initiate of Gozag.
             Slain by a ghost moth (10 damage)
             ... on level 4 of the Spider Nest.
             The game lasted 00:14:35 (25973 turns).

Flugslaktarn the Severer (Minotaur Fighter)        Turns: 25973, Time: 00:14:36

Health: 0/139      AC: 20    Str: 26 (28) XL:     15   Next: 67%
Magic:  0/17       EV:  8    Int:  8 (9)  God:    Gozag
Gold:   515        SH: 22    Dex:  9 (11) Spells: 14/14 levels left

rFire    + . .     SeeInvis .   a - +3 broad axe (freeze)
rCold    + + .     Gourm    .   G - +2 large shield {rN+}
rNeg     + . .     Faith    .   c - +0 swamp dragon scales
rPois    +         Spirit   +   (helmet unavailable)
rElec    +         Reflect  .   A - +1 cloak
rCorr    .         Harm     .   m - +2 pair of gloves
MR       +....                  g - +0 pair of boots of the Dragon {+Fly rElec rC++ Str-2}
Stlth    ..........             N - amulet of guardian spirit
HPRegen  0.33/turn              f - ring of protection from fire
MPRegen  0.15/turn              F - +4 ring of strength

@: gold aura, studying Armour
A: retaliatory headbutt, horns 3, clever 2
a: Potion Petition, Call Merchant, Bribe Branch, Renounce Religion, Evoke Flight


You were on level 4 of the Spider Nest.
You worshipped Gozag.
Gozag was pleased with you.
You were not hungry.

You visited 4 branches of the dungeon, and saw 23 of its levels.

You collected 6883 gold pieces.
You spent 5482 gold pieces at shops.
You paid 886 gold pieces to Gozag.

Inventory:

Hand Weapons
 a - a +3 broad axe of freezing (weapon)
   (You found it on level 10 of the Dungeon)
 b - a +1 hand axe of flaming
   (You found it on level 7 of the Dungeon)
Missiles
 B - a throwing net (quivered)
Armour
 c - +0 swamp dragon scales (worn)
   (You bought it in a shop on level 10 of the Dungeon)
 g - the +0 pair of boots of the Dragon (worn) {+Fly rElec rC++ Str-2}
   (You bought it in a shop on level 10 of the Dungeon)

   It affects your strength (-2).
   It greatly protects you from cold.
   It insulates you from electricity.
   It lets you fly.
 m - a +2 pair of gloves (worn)
   (You found it on level 3 of the Dungeon)
 v - a +2 plate armour of magic resistance
   (You took it off an orc warrior on level 9 of the Dungeon)
 x - the +5 crystal plate armour "Muakk" {Int+6}
   (You bought it in a shop on level 10 of the Dungeon)

   It affects your intelligence (+6).
 A - a +1 cloak (worn)
   (You took it off Crazy Yiuf on level 3 of the Dungeon)
 G - a +2 large shield of positive energy (worn)
   (You bought it in a shop on level 2 of the Orcish Mines)
Jewellery
 f - a ring of protection from fire (left hand)
   (You found it on level 6 of the Dungeon)
 C - an uncursed ring of flight
   (You found it on level 1 of the Lair of Beasts)
 D - an uncursed amulet of the acrobat
   (You found it on level 3 of the Dungeon)
 F - a +4 ring of strength (right hand)
   (You found it on level 3 of the Dungeon)
 N - an amulet of guardian spirit (around neck)
   (You found it on level 5 of the Lair of Beasts)
Wands
 o - a wand of enslavement (6)
   (You found it on level 10 of the Dungeon)
 y - a wand of acid (19)
   (You found it on level 5 of the Dungeon)
 E - a wand of clouds (5)
   (You found it on level 6 of the Dungeon)
 L - a wand of paralysis (5)
   (You found it on level 5 of the Lair of Beasts)
Scrolls
 i - 7 scrolls of magic mapping
 t - 7 scrolls of teleportation
 w - 8 scrolls of remove curse
 z - 2 scrolls of blinking
 O - a scroll of summoning
 Q - a scroll of holy word
 R - a scroll of vulnerability
 S - a scroll of silence
 T - a scroll of fear
Potions
 d - 4 potions of might
 h - 3 potions of haste
 k - 5 potions of heal wounds
 l - 2 potions of flight
 n - 2 potions of resistance
 q - 4 potions of curing
 s - a potion of agility
 H - a potion of lignification
 I - a potion of invisibility
 J - 3 potions of magic
 K - 2 potions of berserk rage
 M - 2 potions of cancellation
 P - a potion of brilliance
Books
 j - a manual of Armour
   (You bought it in a shop on level 2 of the Orcish Mines)
Miscellaneous
 p - a lamp of fire (inert)
   (You found it on level 1 of the Lair of Beasts)
Comestibles
 e - 8 rations


   Skills:
 + Level 14.9 Fighting
 * Level 19.6 Axes
 + Level 15.9 Armour
 + Level 14.8 Shields
 - Level 5.0 Evocations


You had 14 spell levels left.
You didn't know any spells.
Your spell library was empty.

Dungeon Overview and Level Annotations

Branches:
Dungeon (11/15)            Temple (0/1) D:5            Lair (6/6) D:10
 Shoals (0/4) Lair:4       Spider (4/4) Lair:2          Orc (2/2) D:11
    Elf (0/3) Orc:2
  Slime: Lair:5-6

Altars:
Ashenzari
Elyvilon
Gozag
Makhleb
Nemelex Xobeh
Ru
Yredelemnul
Zin
Beogh

Shops:
D:10 [   Orc:2 ([*:

Annotations:
Lair:3 3 runed translucent doors, Flugslaktarn's ghost, journeyman MiFi
Lair:5 exclusion: oklob plant
Spider:1 Roxanne


Innate Abilities, Weirdness & Mutations

You reflexively headbutt those who attack you in melee.
You have a pair of large horns on your head.
Your mind is very acute. (Int +4)


Message History

The tarantella looks as sick as possible!
You feel you are being watched by something.
You feel your power leaking away. Something hits you but does no damage.
Something hits you.
* * * LOW HITPOINT WARNING * * *
Something stings you but does no damage.
You block the emperor scorpion's attack.
The emperor scorpion claws you!
* * * LOW HITPOINT WARNING * * *
The emperor scorpion claws you but does no damage.
You see here 19 gold pieces.
The emperor scorpion is no longer distracted by gold.
You kill the tarantella!
You feel you are being watched by something.
Something hits you!
* * * LOW HITPOINT WARNING * * *
You feel clumsy. Something hits you!
You die...
Your body crumbles into a pile of gold.

#≈≈≈≈....###^.. #####
####≈≈...≈###..
###.≈.. ##≈....# ###
.≈...≈ #...^≈#
###...≈ #...≈##
.(.°... ####^.≈##
#^.≈^..## ####≈$$...#
#.....s####.......###
#..§§s§@^.######
###§§s$≈### #######


You could see 2 emperor scorpions and a jumping spider.

Vanquished Creatures
  Mara (Spider:3)
  Arachne (Spider:2)
  Jorgrun (Spider:1)
  Kirke (Spider:1)
  A ghost moth (Spider:2)
  An orc warlord (Orc:2)
  An emperor scorpion (Spider:4)
  A dire elephant (Lair:6)
  An ettin (Orc:1)
  4 hydras
  Erolcha (D:11)
  3 catoblepae
  9 death yaks
  4 orc high priests (Orc:2)
  Sonja (Lair:5)
  2 lindwurms (Lair:6)
  9 orb spiders
  3 orc knights (Orc:2)
  4 manticores
  An ugly thing (D:11)
  4 orc sorcerers
  18 wolf spiders
  A cyclops (Orc:2)
  Maurice (D:10)
  7 black mambas
  A torpor snail (Lair:6)
  23 spiny frogs
  9 demonic crawlers
  4 rime drakes
  An efreet (D:10)
  3 komodo dragons
  2 trolls
  22 jumping spiders
  2 merfolk (Lair:4)
  4 hornets
  Grinder (D:4)
  A polar bear (Lair:6)
  12 blink frogs
  5 dream sheep
  8 hippogriffs
  2 shadows
  3 wyverns
  25 redbacks
  16 tarantellas
  Sigmund (D:5)
  35 yaks
  2 hogs
  2 basilisks
  A warg (Orc:2)
  Menkaure (D:4)
  11 water moccasins
  Duvessa (D:4)
  9 porcupines
  An ice beast (D:9)
  3 black bears
  An eye of draining (D:10)
  4 phantoms
  4 sky beasts
  2 necrophages (D:9)
  29 orc warriors
  7 ogres
  5 wolves
  6 centaurs
  7 crocodiles
  A big kobold (D:9)
  9 bullfrogs
  A gnoll sergeant (D:8)
  Dowan (D:4)
  A vampire bat (Lair:2)
  3 howler monkeys (D:8)
  3 crimson imps
  An electric eel (Lair:4)
  A centaur zombie (D:5)
  A quasit (D:10)
  A bullfrog zombie (D:9)
  6 jellies
  22 orc priests
  2 hounds
  29 orc wizards
  Crazy Yiuf (D:3)
  A centaur skeleton (D:10)
  Jessica (D:3)
  Terence (D:2)
  6 worker ants
  A worker ant zombie (D:9)
  13 adders
  11 gnolls
  2 shadow imps
  7 oozes
  An adder zombie (D:7)
  An adder skeleton (D:8)
  6 worms
  A dart slug (D:2)
  4 leopard geckos
  70 orcs
  14 bats
  4 giant cockroaches
  9 goblins
  6 hobgoblins
  7 jackals
  12 kobolds
  4 quokkas
  3 ball pythons
  5 frilled lizards
  A leopard gecko skeleton (D:8)
  A quokka zombie (D:8)
  8 rats
  2 plants
642 creatures vanquished.

Vanquished Creatures (others)
  5 humans (Spider:2)
  7 fungi
  2 plants
14 creatures vanquished.

Grand Total: 656 creatures vanquished

Notes
Turn   | Place    | Note
-------+----------+-------------------------------------------
     0 | D:1      | Flugslaktarn the Minotaur Fighter began the quest for the
                  | Orb.
     0 | D:1      | Reached XP level 1. HP: 19/19 MP: 0/0
   401 | D:1      | Reached XP level 2. HP: 27/27 MP: 1/1
   403 | D:1      | Reached skill level 3 in Axes
   815 | D:2      | Reached XP level 3. HP: 33/33 MP: 2/2
   912 | D:2      | Noticed Terence
   924 | D:2      | Killed Terence
  1042 | D:2      | Reached XP level 4. HP: 39/40 MP: 3/3
  1237 | D:2      | Reached skill level 4 in Axes
  1259 | D:2      | Found an opulent altar of Gozag.
  1277 | D:2      | Became a worshipper of Gozag Ym Sagoz the Greedy
  1615 | D:2      | Found a sparkling altar of Nemelex Xobeh.
  1836 | D:3      | Found a runed translucent door.
  1837 | D:3      | Noticed Crazy Yiuf
  1974 | D:3      | Found a sacrificial altar of Ru.
  2024 | D:3      | Reached XP level 5. HP: 44/47 MP: 4/4
  2254 | D:3      | Found a burning altar of Makhleb.
  2254 | D:3      | Noticed Jessica
  2260 | D:3      | Killed Jessica
  2263 | D:3      | Reached skill level 5 in Axes
  2641 | D:3      | Reached XP level 6. HP: 52/55 MP: 5/5
  3247 | D:3      | Killed Crazy Yiuf
  3275 | D:4      | Noticed Menkaure
  3281 | D:4      | Killed Menkaure
  3281 | D:4      | Reached skill level 5 in Fighting
  3281 | D:4      | Reached skill level 5 in Armour
  3281 | D:4      | Reached skill level 5 in Shields
  3401 | D:4      | Reached skill level 6 in Axes
  3407 | D:4      | Reached XP level 7. HP: 49/61 MP: 6/6
  3509 | D:4      | Noticed Grinder
  3512 | D:4      | Paralysed by Grinder for 6 turns
  3525 | D:4      | Paralysed by Grinder for 4 turns
  3548 | D:4      | Killed Grinder
  3895 | D:4      | Noticed Duvessa
  3895 | D:4      | Noticed Dowan
  3907 | D:4      | Killed Duvessa
  3907 | D:4      | Reached skill level 7 in Axes
  3936 | D:4      | Killed Dowan
  4137 | D:4      | Reached XP level 8. HP: 70/70 MP: 7/7
  4281 | D:5      | Entered Level 5 of the Dungeon
  4392 | D:5      | Noticed Sigmund
  4397 | D:5      | Killed Sigmund
  4421 | D:5      | Found a staircase to the Ecumenical Temple.
  4432 | D:5      | Reached skill level 8 in Axes
  4943 | D:5      | Found a shattered altar of Ashenzari.
  5420 | D:6      | Reached skill level 1 in Evocations
  5451 | D:6      | Reached skill level 9 in Axes
  6302 | D:7      | Reached XP level 9. HP: 40/79 MP: 9/9
  6508 | D:7      | Found a basalt altar of Yredelemnul.
  7538 | D:8      | Reached skill level 10 in Axes
  8908 | D:9      | Found Zin's Purification Station.
  8925 | D:9      | Reached XP level 10. HP: 68/89 MP: 11/11
  9045 | D:9      | Found a glowing silver altar of Zin.
  9081 | D:9      | Bought a potion of curing for 90 gold pieces
  9284 | D:9      | Reached skill level 11 in Axes
 10254 | D:10     | Entered Level 10 of the Dungeon
 10254 | D:10     | Noticed Maurice
 10280 | D:10     | Killed Maurice
 11249 | D:9      | Gained mutation: Your mind is acute. (Int +2) [potion of
                  | mutation]
 11249 | D:9      | Gained mutation: Your mind is very acute. (Int +4) [potion
                  | of mutation]
 11249 | D:9      | Gained mutation: You have a pair of large horns on your
                  | head. [potion of mutation]
 11317 | D:9      | Reached skill level 12 in Axes
 11597 | D:10     | Found a staircase to the Lair.
 11843 | D:10     | Found a white marble altar of Elyvilon.
 11854 | D:10     | Reached XP level 11. HP: 63/97 MP: 13/13
 12445 | D:10     | Found a staircase to the Lair.
 12456 | D:10     | Found a white marble altar of Elyvilon.
 12634 | Lair:1   | Entered Level 1 of the Lair of Beasts
 12713 | Lair:1   | Reached skill level 5 in Evocations
 13564 | Lair:1   | Reached skill level 13 in Axes
 13569 | Lair:1   | Reached skill level 10 in Fighting
 13569 | Lair:1   | Reached skill level 10 in Shields
 13811 | Lair:1   | Reached skill level 10 in Armour
 14428 | Lair:2   | Found a hole to the Spider Nest.
 15167 | Lair:3   | Reached skill level 14 in Axes
 15167 | Lair:3   | Reached XP level 12. HP: 85/108 MP: 14/14
 15486 | Lair:3   | Found a runed translucent gate.
 15486 | Lair:3   | Found a runed translucent gate.
 15486 | Lair:3   | Found a runed translucent gate.
 15487 | Lair:3   | Noticed Flugslaktarn's ghost (journeyman MiFi)
 15526 | Lair:3   | You fall into a shaft and drop 2 floors!
 15683 | Lair:5   | Noticed Sonja
 15686 | Lair:5   | Killed Sonja
 16098 | Lair:5   | Noticed a five-headed hydra
 16108 | Lair:5   | Killed an eight-headed hydra
 16377 | Lair:5   | Noticed a catoblepas
 16377 | Lair:5   | Noticed a catoblepas
 16398 | Lair:5   | Killed a catoblepas
 16414 | Lair:5   | Killed a catoblepas
 16414 | Lair:5   | Reached skill level 15 in Axes
 17060 | Lair:4   | Noticed a death yak
 17063 | Lair:4   | Noticed a death yak
 17063 | Lair:4   | Noticed a death yak
 17065 | Lair:4   | Noticed a death yak
 17065 | Lair:4   | Killed a death yak
 17070 | Lair:4   | Killed a death yak
 17074 | Lair:4   | Killed a death yak
 17078 | Lair:4   | Killed a death yak
 17108 | Lair:4   | Reached XP level 13. HP: 84/117 MP: 15/15
 17636 | Lair:4   | Found a staircase to the Shoals.
 18319 | Lair:6   | Entered Level 6 of the Lair of Beasts
 18383 | Lair:6   | Reached skill level 16 in Axes
 19444 | Lair:6   | Noticed a dire elephant
 19466 | Lair:6   | Killed a dire elephant
 19467 | Lair:6   | Reached skill level 17 in Axes
 20022 | Lair:6   | Reached XP level 14. HP: 129/129 MP: 16/16
 20638 | D:10     | Bought a pair of faintly glowing boots for 256 gold pieces
 20643 | D:10     | Identified the +0 pair of boots of the Dragon {+Fly rElec
                  | rC++ Str-2} (You bought it in a shop on level 10 of the
                  | Dungeon)
 20643 | D:10     | Bought an encrusted crystal plate armour for 2295 gold
                  | pieces
 20653 | D:10     | Identified the +5 crystal plate armour "Muakk" {Int+6} (You
                  | bought it in a shop on level 10 of the Dungeon)
 20811 | D:11     | Noticed Erolcha
 20819 | D:11     | Killed Erolcha
 20848 | D:11     | Found a staircase to the Orcish Mines.
 20914 | Orc:1    | Entered Level 1 of the Orcish Mines
 21060 | Orc:2    | Entered Level 2 of the Orcish Mines
 21196 | Orc:2    | Found a staircase to the Elven Halls.
 21211 | Orc:2    | Found a roughly hewn altar of Beogh.
 21428 | Orc:2    | Noticed an orc warlord
 22166 | Orc:2    | Found Etitaol's Antique Armour Boutique.
 22167 | Orc:2    | Found Kuoluc's Antique Weapon Boutique.
 22168 | Orc:2    | Found Gamuamum's General Store.
 22168 | Orc:2    | Found Idghais's Book Shop.
 22173 | Orc:2    | Bought a manual of Armour for 1214 gold pieces
 22192 | Orc:2    | Bought a +2 large shield of positive energy for 277 gold
                  | pieces
 22360 | Orc:2    | Killed an orc warlord
 22360 | Orc:2    | Reached skill level 18 in Axes
 22415 | D:10     | Bought swamp dragon scales for 1350 gold pieces
 22480 | Spider:1 | Entered Level 1 of the Spider Nest
 22650 | Spider:1 | Identified Roxanne's Papyrus of Earth
 22650 | Spider:1 | Noticed Roxanne
 23211 | Spider:1 | Noticed Jorgrun
 23244 | Spider:1 | Killed Jorgrun
 23432 | Spider:2 | Noticed Kirke
 23749 | Spider:1 | Killed Kirke
 23749 | Spider:1 | Reached XP level 15. HP: 129/138 MP: 15/17
 24052 | Spider:2 | Noticed Arachne
 24085 | Spider:2 | Killed Arachne
 24085 | Spider:2 | Reached skill level 19 in Axes
 24085 | Spider:2 | Reached skill level 15 in Armour
 24385 | Spider:2 | Paralysed by a hornet for 1 turns
 24492 | Spider:2 | Killed a ghost moth
 25010 | Spider:3 | Noticed Mara
 25026 | Spider:3 | Noticed Flugslaktarn's illusion
 25279 | Spider:3 | Noticed Flugslaktarn's illusion
 25293 | Spider:3 | Noticed Flugslaktarn's illusion
 25628 | Spider:3 | Noticed Flugslaktarn's illusion
 25635 | Spider:3 | Killed Mara
 25780 | Spider:4 | Entered Level 4 of the Spider Nest
 25973 | Spider:4 | Slain by a ghost moth

Levels and vault maps discovered:
D:1:      psy_arrival_terrarium, layout_loops_ring, serial_bayou_pond_a
D:2:      layout_loops_ring, nicolae_overflow_hidden_temple,
          lemuel_coloured_pillars_altar, lemuel_crystal_altar, first_ration,
          uniq_terence
D:3:      layout_loops_corners, hangedman_ru_absence, lemuel_round_altar,
          uniq_crazy_yiuf_cottage, uniq_jessica
D:4:      cheibrodos_helix_gallery, layout_gridville, uniq_grinder,
          uniq_duvessa, uniq_menkaure
D:5:      layout_gridville, evilmike_ruin_ashenzari,
          minmay_temple_entry_drinking_statues, uniq_sigmund
D:6:      layout_basic
D:7:      layout_basic, lemuel_doored_altar
D:8:      layout_basic, hangedman_little_slice_of_home, corexii_hall_statues_i
D:9:      layout_cave_pods, zin_purify, lightli_orcish_oven
D:10:     minmay_bloctagon_deflated, layout_rooms, lair_entry_dummy,
          elyvilon_altar_3, uniq_maurice
D:11:     layout_roguey, orc_0_dummy, minmay_nine_imps, uniq_erolcha
Lair:1:   layout_loops_ring, minivault_24, serial_bayou_shore_b,
          grunt_megastairs_5
Lair:2:   layout_chaotic_city, dummy_spider_entry, roderic_batcave,
          beast_lair_carwin_4, grunt_megastairs_1
Lair:3:   layout_roguey, gammafunk_ghost_necromancy, columned_hall_lemuel,
          grunt_megastairs_3, serial_bayou_shore_b
Lair:4:   layout_roguey, elwin_shoals_entry_rooms
Lair:5:   nzn_motion_control, layout_regular_city,
          minmay_slime_entry_oklob_enclosed, grunt_forest_small_clearing_treed,
          uniq_sonja
Lair:6:   hangedman_lair_in_review, layout_regular_city
Spider:1: layout_spider_delve, uniq_jorgrun, uniq_aizul, uniq_roxanne
Spider:2: layout_spider_delve, ebering_ghost_rock_garden, guppyfry_hornet_nest,
          uniq_arachne, uniq_kirke
Spider:3: layout_spider_delve, uniq_mara, uniq_asterion
Spider:4: grunt_spider_rune_circles
Orc:1:    layout_diamond_mine, uniq_urug
Orc:2:    st_orc_congregation, layout_caves, basic_altar

Skill      XL: |  1  2  3  4  5  6  7  8  9 10 11 12 13 14 15 |
---------------+----------------------------------------------+-----
Axes           | 3 4 5 6 7 9 10 12 14 15 17 18 19 | 19.6
Fighting       | 4 5 6 7 8 9 10 11 13 14 | 14.9
Armour         | 4 5 6 7 8 9 10 11 13 14 15 | 15.9
Shields        | 4 5 6 7 8 9 10 11 13 14 | 14.8
Evocations     | 1 3 4 5 |  5.0

Action                   |  1- 3 |  4- 6 |  7- 9 | 10-12 | 13-15 || total
-------------------------+-------+-------+-------+-------+-------++-------
Melee: War axe           |    68 |   180 |   228 |       |       ||   476
       Headbutt          |     3 |    32 |    82 |   117 |   188 ||   422
       Hand axe          |       |       |   207 |   250 |     1 ||   458
       Broad axe         |       |       |       |   270 |   796 ||  1066
Invok: Potion Petition   |       |       |       |       |     2 ||     2
       Call Merchant     |       |       |       |       |     1 ||     1
Evoke: Wand              |       |       |       |     2 |    14 ||    16
       Lamp of fire      |       |       |       |       |     1 ||     1
  Use: Scroll            |       |       |       |    19 |    16 ||    35
       Potion            |       |       |       |     1 |     4 ||     5
 Stab: Distracted        |       |       |       |     1 |     5 ||     6
       Petrified         |       |       |       |       |     3 ||     3
  Eat: Chunk             |       |     2 |       |       |       ||     2
       Ration            |       |     2 |     5 |     8 |     9 ||    24
Armor: Chain mail        |    20 |    79 |   163 |    62 |       ||   324
       Scale mail        |     5 |       |       |       |       ||     5
       Plate armour      |       |       |       |   131 |    84 ||   215
       Crystal plate arm |       |       |       |       |    69 ||    69
       Swamp dragon scal |       |       |       |       |   174 ||   174
Dodge: Dodged            |    15 |    29 |    85 |   102 |   153 ||   384
Block: Shield            |    29 |    78 |   190 |   267 |   175 ||   739
       Large shield      |       |       |       |       |   443 ||   443
